 Dungeon Crawl Stone Soup version 0.30.1-11-g7821555f0a (webtiles) character file.

Game seed: 17926999730408770982

801 Ijustatesigmund the Conjurer (level 7, -5/45 HPs)
             Began as an Octopode Conjurer on Jan 11, 2024.
             Slain by Edmund
             ... wielding a +3 dire flail of protection
              (11 damage)
             ... on level 5 of the Dungeon.
             The game lasted 00:12:43 (7422 turns).

Ijustatesigmund the Conjurer (Octopode Conjurer)    Turns: 7422, Time: 00:12:44

Health: -5/45      AC:  1    Str:  7    XL:     7   Next: 90%
Magic:  1/12       EV: 13    Int: 22    God:
Gold:   238        SH:  0    Dex: 10    Spells: 3/13 levels left

rFire   . . .        b - staff of conjuration
rCold   + . .        (no shield)
rNeg    + . .        (helmet restricted)
rPois   .            (no amulet)
rElec   .            d - ring of protection from cold
rCorr   .            p - ring of positive energy
SInv    .            (no ring)
Will    .....        (no ring)
Stlth   +++          (no ring)
HPRegen 0.27/turn    (no ring)
MPRegen 0.13/turn    (no ring)
                     (no ring)

%: no passive effects
@: no status effects
A: almost no armour, amphibious, 8 rings, camouflage 1, gelatinous body 1,
(nimble swimmer 1), tentacles
a: no special abilities


You were on level 5 of the Dungeon.
You visited 1 branch of the dungeon, and saw 6 of its levels.

You collected 238 gold pieces.

Inventory:

Hand Weapons
 c - a +0 spear of venom
Missiles
 n - 2 throwing nets
Magical Staves
 b - a staff of conjuration (weapon)
Jewellery
 d - a ring of protection from cold (left tentacle)
 p - a ring of positive energy (right tentacle)
Scrolls
 e - a scroll of teleportation
 g - 2 scrolls of magic mapping
 h - 2 scrolls of enchant armour
Potions
 a - a potion of magic
 j - a potion of mutation {unknown}
 k - a potion of degeneration {unknown}
 l - a potion of attraction {unknown}
 m - 2 potions of curing {unknown}
 o - a potion of lignification {unknown}


   Skills:
 + Level 2.5 Fighting
 - Level 2.0 Dodging
 - Level 2.6 Stealth
 + Level 3.8 Spellcasting
 + Level 6.2 Conjurations
 + Level 3.4 Translocations
 + Level 2.2 Air Magic
 + Level 2.6 Poison Magic
 + Level 0.2 Evocations


You had 3 spell levels left.
You knew the following spells:

 Your Spells              Type           Power      Damage    Failure   Level
a - Magic Dart            Conj           100%       1d8       1%          1
b - Searing Ray           Conj           94%        2d7       1%          2
c - Iskenderun's Mystic   Conj/Tloc      38%        2d9       16%         4
d - Mephitic Cloud        Conj/Pois/Air  31%        N/A       8%          3

Your spell library contained the following spells:

 Spells                   Type           Power      Damage    Failure   Level
 Poisonous Vapours        Pois/Air       30%        N/A       6%          2
 Dazzling Flash           Conj/Hex       54%        N/A       10%         3
 Necrotise                Necr           16%        1d4       12%         1
 Ozocubu's Armour         Ice            4%         N/A       34%         3
 Vampiric Draining        Necr           4%         2d6       34%         3
 Fulminant Prism          Conj/Hex       13%        3d9       30%         4
 Freezing Cloud           Conj/Ice/Air   12%        6-21      69%         5
 Agony                    Necr           4%         N/A       97%         5
 Metabolic Englaciation   Hex/Ice        2%         N/A       97%         5
 Simulacrum               Ice/Necr       2%         N/A       100%        6
 Ozocubu's Refrigeration  Ice            2%         4d7       100%        7


Dungeon Overview and Level Annotations

Branches:
Dungeon (6/15)
 Temple: D:4-7

Altars:
Elyvilon
Wu Jian
The Shining One

Shops:
D:4 !

Annotations:
D:4 2 transporters, sorakito's ghost, novice MiBe
D:5 Edmund


Innate Abilities, Weirdness & Mutations

You cannot wear most types of armour.
You are amphibious.
You can wear up to eight rings at the same time.
Your skin changes colour to match your surroundings (Stealth+).
Your rubbery body absorbs attacks. (AC +1, EV +1)
((You are camouflaged when in or above water. (Stealth+)))
You have tentacles for arms and can constrict up to eight enemies at once.


Message History

(Press . to maintain the ray.) Edmund closely misses you.
The searing ray hits Edmund!
Edmund is severely wounded.
Edmund hits you with a +3 dire flail of protection!
The searing ray hits Edmund!
Edmund is almost dead.
Edmund hits you with a +3 dire flail of protection.
The searing ray misses Edmund.
You finish channelling your searing ray.
Edmund hits you with a +3 dire flail of protection!
Casting: Searing Ray (safe; 1% risk of failure)
Confirm with . or Enter, or press ? or * to list all spells.
You don't have enough magic to cast this spell.
Casting: Searing Ray (safe; 1% risk of failure)
Confirm with . or Enter, or press ? or * to list all spells.
Aiming: Magic Dart (safe; 1% risk of failure)
Press: ? - help, Shift-Dir - straight line, f/p - Edmund
Aim: Edmund, wielding a +3 dire flail of protection and wearing a +0 ring mail (almost dead, 100% to hit)
You feel a surge of power!
The magic dart hits Edmund but does no damage.
Edmund is almost dead.
Edmund hits you with a +3 dire flail of protection.
* * * LOW HITPOINT WARNING * * *
You feel much better. Edmund closely misses you.
You hit Edmund but do no damage. You grab Edmund.
Edmund is almost dead.
You constrict Edmund, but do no damage.
Edmund hits you with a +3 dire flail of protection!
You hit Edmund but do no damage. Your squeeze misses Edmund.
Edmund is almost dead.
You constrict Edmund, but do no damage.
Edmund hits you with a +3 dire flail of protection!
* * * LOW HITPOINT WARNING * * *
You hit Edmund but do no damage.
You tentacle-slap Edmund, but do no damage.
Edmund is almost dead.
You constrict Edmund.
Edmund hits you with a +3 dire flail of protection!
You die...

# #####<####.# #.
......#....# #.######..@...#
#......#.#@#......
......#.#.#.##### ##
..##.#.#.#.### ##### .
###.##.#.#.#...# #...# ###.#
#...##.#.#.#...###...#
....#.#................+...+
....#.#..........#.#'###.^.#
....#....###.#.###.....#...#


You could see Edmund.

Vanquished Creatures
  2 scorpions
  An orc priest (D:3)
  A gnoll bouda (D:5)
  A hound (D:4)
  A sleepcap (D:6)
  5 iguanas
  5 orc wizards
  6 adders
  16 gnolls
  A white imp (D:5)
  An ufetubus (D:5)
  3 worms
  A dart slug (D:1)
  10 orcs
  4 ball pythons
  5 endoplasms
  4 giant cockroaches
  3 goblins (D:3)
  9 hobgoblins
  6 jackals
  A quokka (D:4)
  6 bats
  5 frilled lizards
  7 kobolds
  2 rats
106 creatures vanquished.

Notes
Turn   | Place    | Note
-------+----------+-------------------------------------------
     0 | D:1      | Ijustatesigmund the Octopode Conjurer began the quest for
                  | the Orb.
     0 | D:1      | Reached XP level 1. HP: 11/11 MP: 3/3
   649 | D:1      | Reached XP level 2. HP: 17/17 MP: 0/5
  1325 | D:1      | Reached XP level 3. HP: 21/21 MP: 2/6
  1328 | D:1      | Learned a level 2 spell: Searing Ray
  1602 | D:1      | Reached skill level 5 in Conjurations
  2706 | D:2      | Reached skill level 1 in Fighting
  2706 | D:2      | Reached XP level 4. HP: 23/28 MP: 0/7
  3053 | D:2      | Learned a level 4 spell: Iskenderun's Mystic Blast
  3357 | D:3      | Found an ornate altar of the Wu Jian Council.
  3426 | D:3      | Reached XP level 5. HP: 24/34 MP: 4/9
  4195 | D:3      | Reached skill level 1 in Translocations
  4307 | D:3      | Found a glowing golden altar of the Shining One.
  4352 | D:4      | Reached XP level 6. HP: 39/39 MP: 7/10
  4356 | D:4      | Learned a level 3 spell: Mephitic Cloud
  4668 | D:4      | Found Dethaid's Distillery.
  4737 | D:4      | Reached skill level 1 in Poison Magic
  5094 | D:4      | Reached skill level 1 in Air Magic
  5228 | D:4      | Found a transporter.
  5235 | D:4      | Noticed sorakito's ghost (novice MiBe)
  5484 | D:4      | Found a transporter.
  5599 | D:5      | Entered Level 5 of the Dungeon
  5723 | D:5      | Reached XP level 7. HP: 20/45 MP: 0/12
  5960 | D:5      | Reached skill level 6 in Conjurations
  5997 | D:5      | Found a white marble altar of Elyvilon.
  7407 | D:5      | Noticed Edmund
  7422 | D:5      | Slain by Edmund

Illustrated notes

Levels and vault maps discovered:
D:1:      erik_arrival_orb_chamber, layout_basic
D:2:      layout_loops_ring
D:3:      layout_basic, amcnicky_altar_gilded, nicolae_tso_swordbearing_angel,
          chequers_serial_rivers_small_b
D:4:      layout_loops_ring, serial_shops, shop, gammafunk_ghost_arena
D:5:      layout_basic, mainiacjoe_overflow_concentric_impassable, uniq_edmund
D:6:      layout_basic, general_overflow_altar,
          lemuel_mausoleum_altar_kikubaaqudgha, uniq_sigmund

Skill      XL: |  1  2  3  4  5  6  7 |
---------------+----------------------+-----
Conjurations   | 5 6 |  6.2
Fighting       | 1 2 |  2.5
Spellcasting   | 3 |  3.8
Translocations | 1 2 3 |  3.4
Poison Magic   | 1 2 |  2.6
Air Magic      | 1 2 |  2.2
Dodging        | |  2.0
Stealth        | |  2.6
Evocations     | |  0.2

Action                     |  1- 3 |  4- 6 |  7- 9 || total
---------------------------+-------+-------+-------++-------
  Melee: Unarmed           |     5 |       |       ||     5
         Constrict         |     4 |     8 |     5 ||    17
         Tentacles         |     2 |     6 |     2 ||    10
         Whip              |     7 |       |       ||     7
         Spear             |       |    47 |       ||    47
         Punch             |       |     2 |     1 ||     3
         Staff             |       |     2 |    28 ||    30
   Cast: Magic Dart        |    69 |    81 |    37 ||   187
         Searing Ray       |     1 |     9 |     9 ||    19
         Mephitic Cloud    |       |       |     7 ||     7
    Use: Scroll            |       |    11 |     1 ||    12
         Potion            |       |     1 |     3 ||     4
   Stab: Confused          |       |       |     1 ||     1
 Armour: Skin              |     4 |     2 |     1 ||     7
  Dodge: Dodged            |     5 |    33 |    20 ||    58
